 Dungeon Crawl Stone Soup version 0.30.1-9-gdf580d7c3d (webtiles) character file.

Game seed: 14379318966459566750

182 CrazyMind the Covered (level 5, -7/48 HPs)
             Began as an Armataur Fighter on Oct 15, 2023.
             Mangled by an ogre
             ... wielding a +0 giant club
              (16 damage)
             ... on level 4 of the Dungeon.
             The game lasted 00:06:09 (2325 turns).

CrazyMind the Covered (Armataur Fighter)            Turns: 2325, Time: 00:06:10

Health: -7/48      AC:  7    Str: 24    XL:     5   Next: 34%
Magic:  5/5        EV:  7    Int: 14    God:
Gold:   211        SH:  4    Dex:  9    Spells: 4/4 levels left

rFire   . . .        a - +0 war axe
rCold   . . .        c - +0 buckler
rNeg    . . .        b - +0 scale mail
rPois   .            (no helmet)
rElec   .            (no cloak)
rCorr   .            (no gloves)
SInv    .            (no barding)
Will    .....        (no amulet) Stlth
                     m - +6 ring of intelligence
HPRegen 0.28/turn    (no ring)
MPRegen 0.09/turn

%: roll
@: no status effects
A: large, rugged brown scales 3, deformed body, armoured tail, roll, long
tongue, awkward tongue
a: no special abilities


You were on level 4 of the Dungeon.
You visited 1 branch of the dungeon, and saw 4 of its levels.

You collected 211 gold pieces.

Inventory:

Hand Weapons
 a - a +0 war axe (weapon)
Missiles
 f - 11 poisoned darts (quivered)
 q - 3 javelins
Armour
 b - a +0 scale mail (worn)
 c - a +0 buckler (worn)
Jewellery
 m - a +6 ring of intelligence (left hand)
Scrolls
 e - 2 scrolls of fear {unknown}
 g - 3 scrolls of identify {unknown}
 n - a scroll of fog {unknown}
 p - a scroll of immolation {unknown}
 r - 2 scrolls of enchant weapon {unknown}
 s - a scroll of teleportation {unknown}
Potions
 d - a potion of might
 h - 2 potions of heal wounds {unknown}
 i - 3 potions of brilliance {unknown}
 j - 2 potions of lignification {unknown}
 k - 3 potions of curing {unknown}
 l - a potion of cancellation {unknown}
 o - a potion of flight {unknown}


   Skills:
 + Level 3.1 Fighting
 * Level 3.2 Axes
 + Level 0.1 Throwing
 + Level 4.7 Armour
 + Level 0.3 Dodging
 + Level 4.0 Shields


You had 4 spell levels left.
You didn't know any spells.
Your spell library contained the following spells:

 Spells                   Type           Power      Damage    Failure   Level
 Cigotuvi's Dreadful Rot  Necr/Pois/Air  0%         N/A       77%         2
 Hailstorm                Conj/Ice       0%         3d3       94%         3
 Ignite Poison            Fire/Tmut/Pois 0%         N/A       94%         3
 Ice Form                 Ice/Tmut       0%         N/A       100%        4
 Freezing Cloud           Conj/Ice/Air   0%         6-21      100%        5
 Simulacrum               Ice/Necr       0%         N/A       100%        6


Dungeon Overview and Level Annotations

Branches:
Dungeon (4/15) Zot: 21620
 Temple: D:4-7

Altars:
Makhleb
Nemelex Xobeh

Shops:
D:1 (

Annotations:
D:3 2 transporters
D:4 1 runed translucent door, Tamtam's ghost, novice TeAE


Innate Abilities, Weirdness & Mutations

You are completely covered in rugged brown scales. (AC +3, +7% HP)
Armour fits poorly on your strangely shaped body.
You have a long armoured tail.
You roll when moving toward enemies. (Rampage)
Your long tongue fully drains potion bottles. (2x potion effects)
Your tongue gives you trouble enunciating. (1.5x scroll delay)


Message History

Found a mace.
You see here a +0 mace.
You now have 198 gold pieces (gained 6).
You now have 211 gold pieces (gained 13).
Found a scale mail.
An ogre comes into view. It is wielding a +0 giant club.
Throw: 13 darts (poison)
Press: ? - help, Q - select action, (/) - cycle Shift-Dir - straight line, f - ogre
Aim: an ogre, wielding a +0 giant club (71% to hit)
You throw a poisoned dart.
The poisoned dart barely misses the ogre.
Throw: 12 darts (poison)
Press: ? - help, Q - select action, (/) - cycle Shift-Dir - straight line, f/p - ogre
Aim: an ogre, wielding a +0 giant club (71% to hit)
You throw a poisoned dart. The poisoned dart hits the ogre.
The ogre is poisoned.
You hit the ogre.
Your tail-slap misses the ogre.
The ogre is lightly wounded.
The ogre hits you with a +0 giant club!!
Ouch! That really hurt!
You completely miss the ogre.
The ogre is lightly wounded.
The ogre hits you with a +0 giant club!
You hit the ogre.
The ogre is lightly wounded.
You block the ogre's attack.
You slash the ogre! You tail-slap the ogre.
The ogre is heavily wounded.
The ogre looks more healthy.
You block the ogre's attack.
You hit the ogre. You tail-slap the ogre.
The ogre is severely wounded.
You block the ogre's attack.
You hit the ogre.
The ogre is almost dead.
The ogre hits you with a +0 giant club!
* * * LOW HITPOINT WARNING * * *
You barely miss the ogre.
The ogre is almost dead.
The ogre hits you with a +0 giant club!
You die...

##### # .#.###.# #
......# #.#.O((.#
#.#@###### #........#
###.####.# #.# #.# #.#
#.# #.# #.# #.####.##
################.......#
..................>...##


You could see an ogre.

Vanquished Creatures
  A hound (D:2)
  A jelly (D:4)
  An iguana (D:4)
  3 adders
  A dart slug (D:2)
  8 bats
  5 endoplasms
  3 giant cockroaches
  9 goblins
  A hobgoblin (D:3)
  11 jackals
  3 quokkas
  4 ball pythons
  6 kobolds
  6 rats
63 creatures vanquished.

Notes
Turn   | Place    | Note
-------+----------+-------------------------------------------
     0 | D:1      | CrazyMind the Armataur Fighter began the quest for the Orb.
     0 | D:1      | Reached XP level 1. HP: 19/19 MP: 1/1
   153 | D:1      | Reached XP level 2. HP: 22/26 MP: 2/2
   219 | D:1      | Found Ehimuen's Weapon Boutique.
   589 | D:2      | Reached XP level 3. HP: 32/33 MP: 3/3
   851 | D:2      | Reached XP level 4. HP: 30/40 MP: 4/4
  1094 | D:2      | Found a faded altar of an unknown god.
  1418 | D:3      | Found a transporter.
  1422 | D:3      | Found a transporter.
  1431 | D:3      | Found a burning altar of Makhleb.
  1616 | D:3      | Found a sparkling altar of Nemelex Xobeh.
  1891 | D:4      | Found a runed translucent door.
  1893 | D:4      | Noticed a bullfrog
  1907 | D:4      | Noticed Tamtam's ghost (novice TeAE)
  1942 | D:4      | Reached XP level 5. HP: 31/48 MP: 5/5
  2316 | D:4      | Noticed an ogre
  2325 | D:4      | Mangled by an ogre

Illustrated notes

Levels and vault maps discovered:
D:1:      minmay_arrival_five_plusses, layout_basic, serial_shops,
          nicolae_shop_bloodbath_and_beyond, minivault_14, minmay_misc_feat_rows
D:2:      layout_basic, ebering_ecumenical_altar_abandoned, serial_bayou_pond_b
D:3:      layout_loops_ring, gammafunk_temple_overflow_arena,
          mainiacjoe_overflow_catwalk
D:4:      layout_basic, minmay_overflow_temple_star_quad, ebering_ghost_sewer_d,
          feat_on_display

Skill      XL: |  1  2  3  4  5 |
---------------+----------------+-----
Axes           | 2 3 |  3.2
Fighting       | 3 |  3.1
Armour         | 4 |  4.7
Shields        | 4 |  4.0
Throwing       | |  0.1
Dodging        | |  0.3

Action                     |  1- 3 |  4- 6 || total
---------------------------+-------+-------++-------
  Melee: War axe           |    76 |    61 ||   137
         Tailslap          |     5 |     8 ||    13
  Throw: Dart              |     7 |     2 ||     9
 Armour: Scale mail        |    42 |    33 ||    75
  Dodge: Dodged            |    23 |    28 ||    51
  Block: Buckler           |    15 |    11 ||    26
